 Dungeon Crawl Stone Soup version 0.27-a0-906-g0a00ce863d (webtiles) character file.

Game seed: 2164602122910524667

97 porpoise the Digger (level 4, -11/33 HPs)
             Began as a Demigod Earth Elementalist on Apr 7, 2021.
             Splashed by Ijyb's acid (17 damage)
             ... on level 3 of the Dungeon.
             The game lasted 00:07:32 (4218 turns).

porpoise the Digger (Demigod Earth Elementalist)    Turns: 4218, Time: 00:07:33

Health: -11/33     AC:  3    Str:  9    XL:     4   Next: 19%
Magic:  5/11       EV: 12    Int: 21    God:
Gold:   125        SH:  0    Dex: 14    Spells: 8/9 levels left

rFire    . . .     SeeInvis .   a - +2 spear (venom)
rCold    . . .     Faith    .   (no shield)
rNeg     . . .     Spirit   .   c - +0 robe
rPois    .         Reflect  .   l - +0 helmet
rElec    .         Harm     .   (no cloak)
rCorr    .         Rampage  .   (no gloves)
Will     .....                  (no boots)
Stlth    ++........             (no amulet)
HPRegen  0.11/turn              (no ring)
MPRegen  0.12/turn              (no ring)

@: no status effects
A: high mp 1, forlorn
a: no special abilities


You were on level 3 of the Dungeon.
You visited 1 branch of the dungeon, and saw 3 of its levels.

You collected 125 gold pieces.

Inventory:

Hand Weapons
 a - a +2 spear of venom (weapon)
Missiles
 b - 73 stones
 h - 35 bolts
Armour
 c - a +0 robe (worn)
 l - a +0 helmet (worn)
Scrolls
 i - a scroll of teleportation {unknown}
 k - 2 scrolls of identify {unknown}
Potions
 d - a potion of mutation {unknown}
 e - a potion of ambrosia {unknown}
 f - 3 potions of heal wounds
 g - 2 potions of berserk rage {unknown}
 j - a potion of magic {unknown}


   Skills:
 - Level 1.7 Dodging
 - Level 1.7 Stealth
 + Level 3.0 Spellcasting
 - Level 0.8 Transmutations
 + Level 3.9 Earth Magic


You had 8 spell levels left.
You knew the following spells:

 Your Spells              Type           Power      Damage    Failure   Level
a - Sandblast             Erth           38%        2d10      2%          1

Your spell library contained the following spells:

 Spells                   Type           Power      Damage    Failure   Level
 Passwall                 Tmut/Erth      10%        N/A       8%          2
 Stone Arrow              Conj/Erth      22%        3d8       19%         3
 Petrify                  Tmut/Erth      13%        N/A       45%         4
 Lee's Rapid Deconstruct  Erth           9%         3d8*      58%         5
 Cause Fear               Hex            1%         N/A       78%         4
 Yara's Violent Unravell  Hex/Tmut       2%         3d3       97%         5
 Silence                  Hex/Air        1%         N/A       98%         5
 Discord                  Hex            1%         N/A       100%        8


Dungeon Overview and Level Annotations

Branches:
Dungeon (3/15)

Annotations:
D:3 Ijyb


Innate Abilities, Weirdness & Mutations

Your attributes grow dramatically as you level up.
You have an increased reservoir of magic. (+10% MP)
You shall have no god before yourself.


Message History

Aim: Ijyb, wielding a +0 dagger, wearing a +0 leather armour and carrying a wand of acid (7) (26% to evade)
The blast of sand hits Ijyb but does no damage.
Ijyb zaps a wand.
The bolt of acid misses you.
Casting: Sandblast (safe; 2% risk of failure)
Confirm with . or Enter, or press ? or * to list all spells.
Aiming: Sandblast (safe; 2% risk of failure)
Press: ? - help, Shift-Dir - straight line, f/p - Ijyb
Aim: Ijyb, wielding a +0 dagger, wearing a +0 leather armour and carrying a wand of acid (6) (26% to evade)
The blast of sand hits Ijyb.
Ijyb is lightly wounded.
Ijyb zaps a wand.
The bolt of acid misses you.
Casting: Sandblast (safe; 2% risk of failure)
Confirm with . or Enter, or press ? or * to list all spells.
Aiming: Sandblast (safe; 2% risk of failure)
Press: ? - help, Shift-Dir - straight line, f/p - Ijyb
Aim: Ijyb, wielding a +0 dagger, wearing a +0 leather armour and carrying a wand of acid (5) (lightly wounded, 26% to evade)
The blast of sand hits Ijyb.
Ijyb is heavily wounded.
Ijyb hits you with a +0 dagger.
Casting: Sandblast (safe; 2% risk of failure)
Confirm with . or Enter, or press ? or * to list all spells.
Aiming: Sandblast (safe; 2% risk of failure)
Press: ? - help, Shift-Dir - straight line, f/p - Ijyb
Aim: Ijyb, wielding a +0 dagger, wearing a +0 leather armour and carrying a wand of acid (5) (heavily wounded, 26% to evade)
The blast of sand hits Ijyb.
Ijyb is severely wounded.
Ijyb hits you with a +0 dagger.
Casting: Sandblast (safe; 2% risk of failure)
Confirm with . or Enter, or press ? or * to list all spells.
Aiming: Sandblast (safe; 2% risk of failure)
Press: ? - help, Shift-Dir - straight line, f/p - Ijyb
Aim: Ijyb, wielding a +0 dagger, wearing a +0 leather armour and carrying a wand of acid (5) (severely wounded, 26% to evade)
The blast of sand hits Ijyb!
Ijyb is almost dead.
Ijyb zaps a wand.
The bolt of acid hits you!!
Ouch! That really hurt!
* * * LOW HITPOINT WARNING * * *
You are splashed with acid!
Ouch! That really hurt!
You die...

############
#..........#
#....^.....#
#..........#
#..........# ###
#......g...# #.#####
#.....@....#
#.....###†.........#
###.###..##...)......#
........................
..#.######..............
..#..## ###............
..#...######.###........
....#......).# ..###.###
#.##.##.####.. .# .#


You could see Ijyb.

Vanquished Creatures
  Terence (D:3)
  3 gnolls (D:2)
  A dart slug (D:3)
  2 bats (D:1)
  4 endoplasms (D:1)
  2 giant cockroaches (D:1)
  A goblin (D:2)
  5 hobgoblins
  3 jackals (D:1)
  3 kobolds
  3 quokkas
  3 ball pythons (D:2)
  6 frilled lizards
  3 rats
40 creatures vanquished.

Notes
Turn   | Place    | Note
-------+----------+-------------------------------------------
     0 | D:1      | porpoise the Demigod Earth Elementalist began the quest for
                  | the Orb.
     0 | D:1      | Reached XP level 1. HP: 14/14 MP: 5/5
   478 | D:1      | Reached XP level 2. HP: 18/20 MP: 4/7
  2751 | D:2      | Reached XP level 3. HP: 26/26 MP: 9/9
  2962 | D:2      | HP: 1/26 [gnoll/+0 halberd (9)]
  3780 | D:3      | Noticed Terence
  3803 | D:3      | Killed Terence
  3804 | D:3      | Reached XP level 4. HP: 4/33 MP: 0/11
  4206 | D:3      | Noticed Ijyb
  4218 | D:3      | Splashed by Ijyb's acid

Illustrated notes

Levels and vault maps discovered:
D:1:      roderic_dead_forest, layout_loops_ring, basic_ecumenical_altar,
          minmay_ruptured
D:2:      layout_basic
D:3:      layout_rooms, lemuel_doored_altar, grunt_decor_one_mirror,
          uniq_terence, uniq_crazy_yiuf_cottage, uniq_ijyb, uniq_robin

Skill      XL: |  1  2  3 |
---------------+----------+-----
Spellcasting   | 2 3 |  3.0
Earth Magic    | 3 |  3.9
Dodging        | |  1.7
Stealth        | |  1.7
Transmutations | |  0.8

Action                   |  1- 3 |  4- 6 || total
-------------------------+-------+-------++-------
Melee: Unarmed           |    10 |       ||    10
       Falchion          |    65 |       ||    65
       Spear             |    12 |    10 ||    22
 Cast: Sandblast         |    49 |     6 ||    55
 Stab: Sleeping          |     2 |       ||     2
Armor: Robe              |    13 |     1 ||    14
Dodge: Dodged            |    96 |     8 ||   104
       Rpst.: Falchion   |    20 |       ||    20

Table legend: (Time is in decaauts)
 A = Elapsed time spent in this place.
 B = Non-inter-level travel time spent in this place.
 C = Inter-level travel time spent in this place.
 D = Time resting spent in this place.
 E = Time spent auto-exploring this place.
 F = Levels seen in this place.
 G = Mean time per level.
                   A        B        C        D        E       F      G
               +--------+--------+--------+--------+--------+-----+--------+
         Total |   4238 |   4185 |     53 |   2423 |   1385 |   3 | 1412.7 |
       Dungeon |   4238 |   4185 |     53 |   2423 |   1385 |   3 | 1412.7 |
               +--------+--------+--------+--------+--------+-----+--------+

Top non-repeatable levels by time:
     D:1: 2027 daAuts
     D:2: 1608 daAuts
     D:3: 602 daAuts
